 Dungeon Crawl Stone Soup version 0.31-a0-1338-gb567cfdca4 (webtiles) character file.

Game seed: 10907697178304484220

74385 Drazool the Thaumaturge (level 15, -13/104 HPs)
             Began as a Djinni Fire Elementalist on Dec 21, 2023.
             Was a High Priest of Ashenzari.
             Killed from afar by Frances (28 damage)
             ... with an iron shot
             ... on level 12 of the Dungeon on Dec 22, 2023.
             The game lasted 01:43:05 (16246 turns).

Drazool the Thaumaturge (Djinni Fire Elementalist) Turns: 16246, Time: 01:43:09

Health: -13/104    AC: 17    Str: 17    XL:     15   Next: 53%
Gold:   999        EV:  7    Int: 30    God:    Ashenzari [*****.] SH:  7 Dex: 14

rFire   + . .        R - staff of Taditoar {rN+ Str+3 Conj Summ Air, !a}
rCold   + . .        n - +0 buckler of Star-Bound Wisdom {Cun, Comp} (curse)
rNeg    + . .        B - +3 plate armour {rC+}
rPois   ∞            o - +0 hat "Stellar Seeker" {^Drain Regen+ Str+7, Melee, Elem} (curse)
rElec   .            b - scarf of the Prescient Welkin {shadows, Elem, Sorc} (curse)
rCorr   .            O - +2 pair of gloves "Enlightened Bitterness" {Cun, Bglg} (curse)
SInv    +            (boots unavailable)
Will    +....        S - amulet of the Ensconced Cosmos {Regen+, Dev, Sorc} (curse) Stlth
                     I - ring of Ashenzari's Gnosis {Int+6, Fort, Sorc} (curse)
HPRegen 1.97/turn    C - ring "Sybil of Ashenzari" {Ice, Dev, Bglg} (curse)
MPRegen 0.00/turn

%: clarity, infuse magic (-14 HP)
@: forested, flying, studying Shields
A: sickness immunity, fire resistance 2, cold vulnerability 1, float, innate
caster, HP casting, extra vitality 1
a: Renounce Religion, Shatter the Chains


You were on level 12 of the Dungeon.
You worshipped Ashenzari.
Ashenzari was extremely pleased with you.
You visited 4 branches of the dungeon, and saw 20 of its levels.

You collected 1686 gold pieces.
You spent 687 gold pieces at shops.


Innate Abilities, Weirdness & Mutations

You are immune to sickness and miasma.
You are immune to poison.
Your flesh is very heat resistant. (rF++)
You are vulnerable to cold. (rC-)
You float through the air rather than walking.
You learn spells naturally, not from books.
Your magical power is your life essence.
You have superior vitality. (+4 MHP)


   Skills:
 + Level 8.8 Fighting
 - Level 12.0(14.5) Polearms
 - Level 5.7(11.5) Staves
 + Level 1.9(3.5) Armour
 - Level 4.0(6.8) Dodging
 - Level 1.5(3.6) Stealth
 - Level 10.3(12.5) Shields
 - Level 14.3 Spellcasting
 - Level 14.3(18.4) Conjurations
 - Level 14.3(17.4) Hexes
 - Level 14.3(16.4) Summonings
 - Level 14.3(16.4) Necromancy
 - Level 14.3(17.4) Translocations
 - Level 14.3(17.4) Fire Magic
 - Level 14.3(17.4) Ice Magic
 - Level 14.3(17.4) Air Magic
 - Level 14.3(17.4) Earth Magic
 - Level 14.3(18.4) Alchemy


You knew the following spells:

 Your Spells              Type           Power      Damage    Failure   Level
a - Jinxbite              Hex            100%       N/A       1%          2
d - Tukima's Dance        Hex            90%        N/A       1%          3
f - Foxfire               Conj/Fire      100%       2x1d9     1%          1
i - Dispersal             Tloc           45%        N/A       14%         6
m - Metabolic Englaciati  Hex/Ice        56%        N/A       2%          5
r - Inner Flame           Hex/Fire       90%        N/A       1%          3
t - Summon Forest         Summ/Tloc      55%        N/A       3%          5
v - Vampiric Draining     Necr           88%        2d12      1%          3
z - Summon Small Mammal   Summ           100%       N/A       1%          1
X - Scorch                Fire           100%       2d9       1%          2
Y - Volatile Blastmotes   Fire/Tloc      100%       2d18      1%          3
Z - Flame Wave            Conj/Fire      100%       2d21      1%          4
Your spell library was empty.

Inventory:

Hand Weapons
 f - a +2 dagger of protection
 x - a +1 demon trident of freezing
Missiles
 h - 7 curare-tipped darts {=f}
 r - 2 throwing nets {=f}
Armour
 b - the cursed scarf of the Prescient Welkin (worn) {shadows, Elem, Sorc}
   (You found it on level 8 of the Dungeon)

   It has a curse which improves the following skills: Elements: Fire Magic, Ice
   Magic, Air Magic and Earth Magic.
   Sorcery:   Conjurations and Alchemy.
 n - the cursed +0 buckler of Star-Bound Wisdom (worn) {Cun, Comp}
   (You found it on level 3 of the Dungeon)

   It has a curse which improves the following skills: Cunning: Dodging and
   Stealth.
   Companions: Summonings and Necromancy.
 o - the cursed +0 hat "Stellar Seeker" (worn) {^Drain Regen+ Str+7, Melee, Elem}
   (You found it on level 3 of the Dungeon)

   Str+7:     It affects your strength (+7).
   Regen+:    It increases your rate of health regeneration.
   ^Drain:    It drains your maximum health when unequipped.
   It has a curse which improves the following skills: Melee Combat: Short
   Blades, Long Blades, Axes, Maces & Flails, Polearms, Staves and Unarmed
   Combat.
   Elements:  Fire Magic, Ice Magic, Air Magic and Earth Magic.
 p - a scarf of harm
 y - the +2 robe of Makhleb's Approval {rN+}
   (You found it on level 5 of the Dungeon)

   rN+:       It protects you from negative energy.
 B - a +3 plate armour of cold resistance (worn)
 O - the cursed +2 pair of gloves "Enlightened Bitterness" (worn) {Cun, Bglg}
   (You found it on level 1 of the Lair of Beasts)

   It has a curse which improves the following skills: Cunning: Dodging and
   Stealth.
   Beguiling: Hexes and Translocations.
Magical Staves
 z - a staff of conjuration {!a}
 R - the staff of Taditoar (weapon) {rN+ Str+3 Conj Summ Air, !a}
   (You found it on level 5 of the Lair of Beasts)

   [staff of conjuration]

   Base accuracy: +5 Base damage: 5 Base attack delay: 1.2 This weapon's minimum
   attack delay (0.6) is reached at skill level 12.
   Str+3:     It affects your strength (+3).
   rN+:       It protects you from negative energy.
   Conj:      It increases the power of your Conjurations spells.
   Summ:      It increases the power of your Summonings spells.
   Air:       It increases the power of your Air spells.
   It falls into the 'Staves' category.
   It is a one-handed weapon.
Jewellery
 C - the cursed ring "Sybil of Ashenzari" (right hand) {Ice, Dev, Bglg}
   (You found it on level 4 of the Lair of Beasts)

   [ring of ice]

   Ice:       It enhances your ice magic.
   rF-:       It makes you vulnerable to fire.
   rC+:       It protects you from cold.
   It has a curse which improves the following skills: Devices: Evocations and
   Shapeshifting.
   Beguiling: Hexes and Translocations.
 I - the cursed ring of Ashenzari's Gnosis (left hand) {Int+6, Fort, Sorc}
   (You found it on level 6 of the Dungeon)

   [ring of intelligence]

   Int+6:     It affects your intelligence (+6).
   It has a curse which improves the following skills: Fortitude: Armour and
   Shields.
   Sorcery:   Conjurations and Alchemy.
 N - a ring of positive energy
 S - the cursed amulet of the Ensconced Cosmos (around neck) {Regen+, Dev, Sorc}
   (You bought it in a shop on level 2 of the Orcish Mines)

   [amulet of regeneration]

   Regen+:    It increases your rate of health regeneration.
   It has a curse which improves the following skills: Devices: Evocations and
   Shapeshifting.
   Sorcery:   Conjurations and Alchemy.
 W - a ring of willpower
 Z - a ring of wizardry
Wands
 u - a wand of mindburst (12)
 w - a wand of charming (10)
 J - a wand of polymorph (10)
 P - a wand of acid (16)
 T - a wand of roots (2)
Scrolls
 a - 2 scrolls of fear
 d - 5 scrolls of poison
 e - a scroll of immolation
 g - 2 scrolls of brand weapon
 s - 2 scrolls of revelation
 t - a scroll of summoning
 A - 4 scrolls of noise
 F - 6 scrolls of teleportation {@r2}
 G - 2 scrolls of fog
 L - 2 scrolls of vulnerability
 Q - a scroll of enchant armour
Potions
 c - 3 potions of attraction
 i - a potion of enlightenment
 j - 5 potions of curing {@q1}
 k - 4 potions of heal wounds {@q2}
 l - 4 potions of mutation
 m - 2 potions of lignification
 q - 3 potions of cancellation
 v - a potion of haste {@q3}
 D - a potion of ambrosia
 E - 4 potions of brilliance
 H - 2 potions of berserk rage {!q}
 K - 2 potions of resistance
 M - 3 potions of might

Dungeon Overview and Level Annotations

Branches:
Dungeon (12/15)            Temple (1/1) D:6            Lair (5/5) D:10
  Swamp (0/4) Lair:3       Spider (0/4) Lair:3        Slime (0/5) Lair:5
    Orc (2/2) D:9             Elf (0/3) Orc:2

Altars:
Ashenzari
Cheibriados
Dithmenos
Elyvilon
Fedhas
Gozag
Hepliaklqana
Makhleb
Nemelex Xobeh
Okawaru
Qazlal
Ru
Trog
Uskayaw
Wu Jian
Xom
Yredelemnul
Zin
The Shining One

Shops:
D:1 :   D:8 ?   Orc:2 [=(*

Portals:
Trove: D:12 (give 5 scrolls of blinking)

Annotations:
D:12 Frances; Nessos
Orc:1 3 runed translucent doors, Zingi's ghost, journeyman DsIE

♣.......♣.♣♣ #...
♣..........♣ ###.
♣♣...~.....♣ #^
♣...~≈≈....♣ *#.
♣..♣~~≈3<..♣ *..
♣...§c.~...♣********..
♣....@........,,,,*#..
♣♣♣♣♣)♣♣.♣#....,,,**,,
#@♣♣♣#*♣###******* #.♣
♣.♣♣♣#▒♣▒#▒▓▒#▒▓▒#
♣...♣.♣.♣.▒.▒.▒.▒.
♣♣.♣.♣.▓.▒.▓.▒.▓.▒
#..♣♣▒.♣▓▒.▒▓▒.▒▓
###▓.▒.▓.▒.▓.▒.▓.▒
#...▒.▒.▒.▒.▒.▒.▒.
**#######.#▓▒#▒▓▒#▒▓▒#▒▓▒#


You could see Frances (fast), Nessos (fast, fleeing) and a sun demon (summoned,
fleeing).


Message History

You feel much better.
A root smacks the shadow from below!
The shadow is destroyed!
A tree reaches out and hits Nessos!!
Nessos shoots an arrow.
The arrow hits you!!
* * * LOW HITPOINT WARNING * * *
The arrow burns you.
* * * LOW HITPOINT WARNING * * *
Frances screams a word of power!
The shard of ice hits your dryad!!
Nessos gestures wildly while chanting.
Nessos blinks!
Your dryad closely misses Frances.
A root smacks Nessos from below!
Nessos shoots an arrow.
The arrow hits your dryad!! The arrow burns your dryad.
Your dryad dies!
Your dryad's corpse disappears in a puff of smoke!
The forest abruptly stops moving.
Frances attacks as she pursues you!
Frances hits you from afar with a +0 halberd.
* * * LOW HITPOINT WARNING * * *
Frances whispers indecipherable words.
Nessos shoots an arrow.
The arrow hits you.
* * * LOW HITPOINT WARNING * * *
Unknown command.
As you read the scroll of fear, it crumbles to dust.
You assume a fearsome visage.
Frances easily resists.
The sun demon looks frightened!
Nessos looks frightened!
Nessos mumbles some strange words.
Nessos blinks!
Frances chants phrases taken from a devil's mouth.
The iron shot hits you!!
You die...

Skill      XL: |  1  2  3  4  5  6  7  8  9 10 11 12 13 14 15 |
---------------+----------------------------------------------+-----
Spellcasting   | 4 5 6 8 10 11 12 13 14 | 14.3
Conjurations   | 4 5 6 8 10 11 12 13 14 | 14.3
Hexes          | 4 5 6 8 10 11 12 13 14 | 14.3
Summonings     | 4 5 6 8 10 11 12 13 14 | 14.3
Necromancy     | 4 5 6 8 10 11 12 13 14 | 14.3
Translocations | 4 5 6 8 10 11 12 13 14 | 14.3
Fire Magic     | 4 5 6 8 10 11 12 13 14 | 14.3
Ice Magic      | 4 5 6 8 10 11 12 13 14 | 14.3
Air Magic      | 4 5 6 8 10 11 12 13 14 | 14.3
Earth Magic    | 4 5 6 8 10 11 12 13 14 | 14.3
Alchemy        | 4 5 6 8 10 11 12 13 14 | 14.3
Fighting       | 1 3 5 8 |  8.8
Dodging        | 4 |  4.0
Shields        | 1 10 | 10.3
Polearms       | 5 8 11 12 | 12.0
Staves         | 3 5 |  5.7
Armour         | 1 |  1.9
Stealth        | |  1.5

Action                     |  1- 3 |  4- 6 |  7- 9 | 10-12 | 13-15 || total
---------------------------+-------+-------+-------+-------+-------++-------
  Melee: Unarmed           |     2 |       |       |       |       ||     2
         Dagger            |     3 |       |     7 |       |       ||    10
         Punch             |     1 |       |       |       |       ||     1
         Demon trident     |       |       |       |    39 |   121 ||   160
         Staff             |       |       |       |       |    44 ||    44
   Cast: Foxfire           |    77 |    72 |    94 |   107 |   110 ||   460
         Scorch            |     2 |    12 |    42 |    58 |    61 ||   175
         Volatile Blastmot |       |     4 |     3 |       |       ||     7
         Inner Flame       |       |       |     7 |    81 |    10 ||    98
         Tukima's Dance    |       |       |    22 |    54 |    55 ||   131
         Summon Small Mamm |       |       |     5 |    55 |     7 ||    67
         Flame Wave        |       |       |     9 |    28 |    18 ||    55
         Vampiric Draining |       |       |     1 |       |    72 ||    73
         Summon Forest     |       |       |       |     1 |    47 ||    48
         Metabolic Englaci |       |       |       |       |    12 ||    12
         Dispersal         |       |       |       |       |     1 ||     1
 Invoke: Curse Item        |       |       |       |     1 |     7 ||     8
         Shatter the Chain |       |       |       |       |     1 ||     1
  Evoke: Wand              |       |       |     2 |     1 |       ||     3
    Use: Scroll            |       |     4 |     3 |    12 |     3 ||    22
         Potion            |       |       |     1 |     1 |     3 ||     5
   Stab: Sleeping          |       |       |     1 |       |       ||     1
         Distracted        |       |       |       |     1 |     7 ||     8
 Armour: Robe              |     7 |     6 |    35 |    60 |       ||   108
         Ring mail         |       |       |       |    57 |   132 ||   189
         Plate armour      |       |       |       |       |    36 ||    36
  Dodge: Dodged            |     9 |     4 |    15 |    39 |    94 ||   161
  Block: Buckler           |       |       |     8 |    29 |    59 ||    96

Levels and vault maps discovered:
D:1:      wheals_arrival_shading, layout_rooms, serial_bayou_pond_d,
          nicolae_shop_vocational
D:2:      layout_basic, patterned_corridor
D:3:      layout_loops_ring, mainiacjoe_overflow_concentric_impassable,
          nicolae_concentric_dashed_squares_wild,
          chequers_serial_rivers_small_b, uniq_terence
D:4:      nicolae_cairo_tiling, layout_basic,
          mainiacjoe_overflow_six_doors_small, old_standard_altar
D:5:      layout_basic, lemuel_doored_altar, minmay_manual_mullet, uniq_ijyb
D:6:      layout_cave_pods, minmay_temple_entry_arrows, corexii_hall_statues_x
D:7:      layout_gridville, biasface_ghost_orc_armoury, serial_glass,
          glass_columns_b, glass_columns_a, kb_rosetta, uniq_pikel
D:8:      layout_loops_ring, grunt_temple_overflow_order_and_chaos_2,
          serial_shops, nicolae_shop_back_alley_shop
D:9:      kb_forest_paths, layout_long_grid, tgw_trog
D:10:     layout_loops_ring, okawaru_gym_becter, mainiacjoe_overflow_boulevard,
          kennysheep_mini_moat, erik_lair_orcish_takeover
D:11:     layout_loops_ring
D:12:     layout_basic, nicolae_trove_entry_isolated, roderic_roman_lattice,
          uniq_frances, uniq_nergalle, uniq_nessos
Temple:   hellmonk_temple_forest_ring
Lair:1:   layout_cellular_growth, serial_forest, infiniplex_forest_zigzag_1,
          infiniplex_forest_clump_small, infiniplex_forest_clump_diagonal,
          infiniplex_forest_clump_small, infiniplex_forest_clump_long,
          infiniplex_forest_lined_3, infiniplex_forest_3_way, grunt_megastairs_3
Lair:2:   layout_hall_layers, serial_bayou_shore_b
Lair:3:   layout_roguey, palyth_hydra_swamp_entry,
          nicolae_spider_entry_non_spiders, beast_lair_carwin_6,
          infiniplex_staircase_pool_2, lemuel_fruit_fields
Lair:4:   layout_big_grid
Lair:5:   gammafunk_lair_ancient_temple, layout_long_grid,
          dpeg_slime_entry_enclosed, ebering_ghost_disaster_area
Orc:1:    layout_diamond_mine, gammafunk_ghost_split
Orc:2:    grunt_orc_gardens, layout_diamond_mine, grunt_orc_garden,
          grunt_orc_garden, grunt_orc_garden, grunt_orc_garden, mines2_lemuel,
          uniq_urug

Notes
Turn   | Place    | Note
-------+----------+-------------------------------------------
     0 | D:1      | Drazool the Djinni Fire Elementalist began the quest for
                  | the Orb.
     0 | D:1      | Drazool set off with the following spells memorised:
                  | Foxfire, Scorch, Volatile Blastmotes, Inner Flame, Flame
                  | Wave.
     0 | D:1      | Reached XP level 1. HP: 15/15 MP: 0/0
    67 | D:1      | Reached XP level 2. HP: 17/21 MP: 0/0
   171 | D:1      | Found Aluculuf's Vocational Training.
   380 | D:1      | Reached XP level 3. HP: 22/25 MP: 0/0
   380 | D:1      | Learned a level 1 spell: Summon Small Mammal
   781 | D:2      | Reached skill level 4 in Spellcasting
   781 | D:2      | Reached skill level 4 in Conjurations
   781 | D:2      | Reached skill level 4 in Hexes
   781 | D:2      | Reached skill level 4 in Summonings
   781 | D:2      | Reached skill level 4 in Necromancy
   781 | D:2      | Reached skill level 4 in Translocations
   781 | D:2      | Reached skill level 4 in Fire Magic
   781 | D:2      | Reached skill level 4 in Ice Magic
   781 | D:2      | Reached skill level 4 in Air Magic
   781 | D:2      | Reached skill level 4 in Earth Magic
   781 | D:2      | Reached skill level 4 in Alchemy
   908 | D:2      | Reached XP level 4. HP: 30/31 MP: 0/0
  1422 | D:3      | Reached XP level 5. HP: 33/35 MP: 0/0
  1422 | D:3      | Learned a level 2 spell: Jinxbite
  1662 | D:3      | Noticed Terence
  1677 | D:3      | Killed Terence
  1712 | D:3      | Found a hazy altar of Hepliaklqana.
  1724 | D:3      | Identified the +0 hat of Supple Strength {^Drain Regen+
                  | Str+7}
  1964 | D:3      | Reached skill level 5 in Spellcasting
  1964 | D:3      | Reached skill level 5 in Conjurations
  1964 | D:3      | Reached skill level 5 in Hexes
  1964 | D:3      | Reached skill level 5 in Summonings
  1964 | D:3      | Reached skill level 5 in Necromancy
  1964 | D:3      | Reached skill level 5 in Translocations
  1964 | D:3      | Reached skill level 5 in Fire Magic
  1964 | D:3      | Reached skill level 5 in Ice Magic
  1964 | D:3      | Reached skill level 5 in Air Magic
  1964 | D:3      | Reached skill level 5 in Earth Magic
  1964 | D:3      | Reached skill level 5 in Alchemy
  2089 | D:4      | Reached XP level 6. HP: 40/40 MP: 0/0
  2158 | D:4      | Noticed an ogre
  2169 | D:4      | Killed an ogre
  2271 | D:4      | Reached skill level 6 in Spellcasting
  2271 | D:4      | Reached skill level 6 in Conjurations
  2271 | D:4      | Reached skill level 6 in Hexes
  2271 | D:4      | Reached skill level 6 in Summonings
  2271 | D:4      | Reached skill level 6 in Necromancy
  2271 | D:4      | Reached skill level 6 in Translocations
  2271 | D:4      | Reached skill level 6 in Fire Magic
  2271 | D:4      | Reached skill level 6 in Ice Magic
  2271 | D:4      | Reached skill level 6 in Air Magic
  2271 | D:4      | Reached skill level 6 in Earth Magic
  2271 | D:4      | Reached skill level 6 in Alchemy
  2301 | D:4      | Found a stormy altar of Qazlal.
  2332 | D:4      | Reached skill level 1 in Fighting
  2332 | D:4      | Reached XP level 7. HP: 47/47 MP: 0/0
  2332 | D:4      | Learned a level 3 spell: Tukima's Dance
  2604 | D:4      | Reached skill level 2 in Fighting
  2685 | D:4      | Reached skill level 3 in Fighting
  2804 | D:4      | Found an opulent altar of Gozag.
  2894 | D:5      | Entered Level 5 of the Dungeon
  3107 | D:5      | Noticed Ijyb
  3109 | D:5      | Ijyb changed into Ijyb the steam dragon
  3109 | D:5      | Noticed Ijyb
  3127 | D:5      | Killed Ijyb the steam dragon
  3128 | D:5      | Reached skill level 4 in Dodging
  3202 | D:5      | Reached XP level 8. HP: 54/56 MP: 0/0
  3202 | D:5      | Noticed a hornet
  3208 | D:5      | Killed a hornet
  3215 | D:5      | Found a sparkling altar of Nemelex Xobeh.
  3293 | D:5      | Identified the +2 robe of Makhleb's Approval {rN+}
  3392 | D:5      | Reached skill level 7 in Spellcasting
  3392 | D:5      | Reached skill level 7 in Conjurations
  3392 | D:5      | Reached skill level 7 in Hexes
  3392 | D:5      | Reached skill level 7 in Summonings
  3392 | D:5      | Reached skill level 7 in Necromancy
  3392 | D:5      | Reached skill level 7 in Translocations
  3392 | D:5      | Reached skill level 7 in Fire Magic
  3392 | D:5      | Reached skill level 7 in Ice Magic
  3392 | D:5      | Reached skill level 7 in Air Magic
  3392 | D:5      | Reached skill level 7 in Earth Magic
  3392 | D:5      | Reached skill level 7 in Alchemy
  3424 | D:5      | Noticed a hornet
  3434 | D:5      | Killed a hornet
  3523 | D:5      | Reached skill level 1 in Shields
  3523 | D:5      | Reached skill level 8 in Spellcasting
  3523 | D:5      | Reached skill level 8 in Conjurations
  3523 | D:5      | Reached skill level 8 in Hexes
  3523 | D:5      | Reached skill level 8 in Summonings
  3523 | D:5      | Reached skill level 8 in Necromancy
  3523 | D:5      | Reached skill level 8 in Translocations
  3523 | D:5      | Reached skill level 8 in Fire Magic
  3523 | D:5      | Reached skill level 8 in Ice Magic
  3523 | D:5      | Reached skill level 8 in Air Magic
  3523 | D:5      | Reached skill level 8 in Earth Magic
  3523 | D:5      | Reached skill level 8 in Alchemy
  3523 | D:5      | Reached XP level 9. HP: 56/60 MP: 0/0
  3523 | D:5      | Learned a level 3 spell: Vampiric Draining
  3746 | D:6      | Reached skill level 3 in Shields
  3863 | D:6      | Reached skill level 4 in Shields
  3899 | D:6      | Reached skill level 5 in Shields
  4039 | D:6      | Found a staircase to the Ecumenical Temple.
  4053 | Temple   | Entered the Ecumenical Temple
  4119 | D:6      | Reached skill level 6 in Shields
  4239 | D:6      | Reached skill level 7 in Shields
  4408 | D:6      | Reached skill level 8 in Shields
  4563 | D:7      | Noticed a skeletal warrior
  4563 | D:7      | Noticed a gargoyle
  4589 | D:6      | Killed a skeletal warrior
  4590 | D:6      | Reached skill level 10 in Shields
  4724 | D:7      | Reached XP level 10. HP: 52/67 MP: 0/0
  4724 | D:7      | Noticed Pikel
  4735 | D:7      | Killed Pikel
  4774 | D:7      | Found a runed translucent gate.
  4774 | D:7      | Found a runed translucent gate.
  4774 | D:7      | Found a runed translucent gate.
  4831 | D:7      | Reached skill level 9 in Spellcasting
  4831 | D:7      | Reached skill level 9 in Conjurations
  4831 | D:7      | Reached skill level 9 in Hexes
  4831 | D:7      | Reached skill level 9 in Summonings
  4831 | D:7      | Reached skill level 9 in Necromancy
  4831 | D:7      | Reached skill level 9 in Translocations
  4831 | D:7      | Reached skill level 9 in Fire Magic
  4831 | D:7      | Reached skill level 9 in Ice Magic
  4831 | D:7      | Reached skill level 9 in Air Magic
  4831 | D:7      | Reached skill level 9 in Earth Magic
  4831 | D:7      | Reached skill level 9 in Alchemy
  5092 | D:7      | Killed a gargoyle
  5093 | D:7      | Reached skill level 10 in Spellcasting
  5093 | D:7      | Reached skill level 10 in Conjurations
  5093 | D:7      | Reached skill level 10 in Hexes
  5093 | D:7      | Reached skill level 10 in Summonings
  5093 | D:7      | Reached skill level 10 in Necromancy
  5093 | D:7      | Reached skill level 10 in Translocations
  5093 | D:7      | Reached skill level 10 in Fire Magic
  5093 | D:7      | Reached skill level 10 in Ice Magic
  5093 | D:7      | Reached skill level 10 in Air Magic
  5093 | D:7      | Reached skill level 10 in Earth Magic
  5093 | D:7      | Reached skill level 10 in Alchemy
  5600 | D:7      | Identified the +0 plate armour of the Enchanted Forest
                  | {rElec rC- Str+4 Dex+2}
  5602 | D:7      | Noticed Likado's ghost (novice TeSu)
  5625 | D:7      | Killed Likado's ghost
  5626 | D:7      | Reached XP level 11. HP: 43/71 MP: 0/0
  5626 | D:7      | Learned a level 5 spell: Summon Forest
  5631 | D:7      | Reached skill level 11 in Spellcasting
  5631 | D:7      | Reached skill level 11 in Conjurations
  5631 | D:7      | Reached skill level 11 in Hexes
  5631 | D:7      | Reached skill level 11 in Summonings
  5631 | D:7      | Reached skill level 11 in Necromancy
  5631 | D:7      | Reached skill level 11 in Translocations
  5631 | D:7      | Reached skill level 11 in Fire Magic
  5631 | D:7      | Reached skill level 11 in Ice Magic
  5631 | D:7      | Reached skill level 11 in Air Magic
  5631 | D:7      | Reached skill level 11 in Earth Magic
  5631 | D:7      | Reached skill level 11 in Alchemy
  5822 | D:8      | Found a burning altar of Makhleb.
  5824 | D:8      | Found a glowing silver altar of Zin.
  5824 | D:8      | Noticed an angel
  5825 | D:8      | Noticed an Executioner
  5900 | D:8      | Reached skill level 1 in Polearms
  6252 | D:8      | Found Quezxapro's Magic Scroll Shop.
  6256 | D:8      | Bought a scroll of teleportation for 33 gold pieces
  6256 | D:8      | Bought a scroll of fog for 44 gold pieces
  6275 | D:8      | Reached skill level 2 in Polearms
  6834 | D:9      | Noticed a manticore
  6843 | D:9      | Killed a manticore
  6844 | D:9      | Reached skill level 3 in Polearms
  6861 | D:9      | Identified the +0 pair of boots of the Dowdy God {Str+3}
  7147 | D:9      | Reached skill level 4 in Polearms
  7486 | D:9      | Reached skill level 5 in Polearms
  7637 | D:9      | Found a staircase to the Orcish Mines.
  7814 | D:9      | Noticed a moth of wrath
  7817 | D:9      | Found a bloodstained altar of Trog.
  7930 | D:9      | Killed a moth of wrath
  7963 | D:10     | Entered Level 10 of the Dungeon
  8009 | D:10     | Noticed a two-headed ogre
  8016 | D:10     | Killed a two-headed ogre
  8017 | D:10     | Reached XP level 12. HP: 65/76 MP: 0/0
  8165 | D:10     | Found an ornate altar of the Wu Jian Council.
  8186 | D:10     | Found an iron altar of Okawaru.
  8276 | D:10     | Reached skill level 6 in Polearms
  8555 | D:10     | Identified the +3 ring mail of the Cuttlefish {Int+7}
  8629 | D:10     | Found a broken altar of Ashenzari.
  8636 | D:10     | Became a worshipper of Ashenzari the Shackled
  8644 | D:10     | Reached skill level 12 in Spellcasting
  8644 | D:10     | Reached skill level 12 in Conjurations
  8644 | D:10     | Reached skill level 12 in Hexes
  8644 | D:10     | Reached skill level 12 in Summonings
  8644 | D:10     | Reached skill level 12 in Necromancy
  8644 | D:10     | Reached skill level 12 in Translocations
  8644 | D:10     | Reached skill level 12 in Fire Magic
  8644 | D:10     | Reached skill level 12 in Ice Magic
  8644 | D:10     | Reached skill level 12 in Air Magic
  8644 | D:10     | Reached skill level 12 in Earth Magic
  8644 | D:10     | Reached skill level 12 in Alchemy
  8685 | D:10     | Found a staircase to the Lair.
  8826 | Lair:1   | Entered Level 1 of the Lair of Beasts
  8831 | Lair:1   | Reached skill level 7 in Polearms
  9062 | Lair:1   | Noticed a catoblepas
  9073 | Lair:1   | Killed a catoblepas
  9074 | Lair:1   | Reached skill level 4 in Fighting
  9591 | Lair:2   | Noticed a four-headed hydra
  9633 | Lair:2   | Killed a four-headed hydra
  9634 | Lair:2   | Reached skill level 8 in Polearms
  9650 | Lair:2   | Noticed a skyshark
  9667 | Lair:2   | HP: 8/80 [skyshark (4)]
  9667 | Lair:2   | Killed a skyshark
  9668 | Lair:2   | Reached skill level 5 in Fighting
  9920 | Lair:2   | Reached XP level 13. HP: 76/87 MP: 0/0
  9920 | Lair:2   | Learned a level 5 spell: Metabolic Englaciation
  9963 | Lair:2   | Reached * piety under Ashenzari
  9963 | Lair:2   | Identified a potion of resistance
 10070 | Lair:2   | Reached skill level 6 in Fighting
 10070 | Lair:2   | Reached skill level 9 in Polearms
 10486 | Lair:3   | Noticed a seven-headed hydra
 10496 | Lair:3   | Killed a seven-headed hydra
 10528 | Lair:3   | Found a staircase to the Swamp.
 10569 | Lair:3   | Identified the Parchment of Forces
 10593 | Lair:3   | Reached skill level 10 in Polearms
 10596 | Lair:3   | Found a hole to the Spider Nest.
 10646 | Lair:3   | Reached skill level 7 in Fighting
 10929 | Lair:3   | Noticed a five-headed hydra
 10939 | Lair:3   | Killed a five-headed hydra
 11285 | Lair:4   | Noticed an eight-headed hydra
 11294 | Lair:4   | Killed an eight-headed hydra
 11417 | Lair:4   | Reached skill level 8 in Fighting
 11417 | Lair:4   | Reached skill level 11 in Polearms
 11465 | Lair:4   | Reached ** piety under Ashenzari
 11705 | Lair:5   | Entered Level 5 of the Lair of Beasts
 11790 | Lair:5   | Noticed an eight-headed hydra
 11796 | Lair:5   | Killed an eight-headed hydra
 11800 | Lair:5   | Reached XP level 14. HP: 85/98 MP: 0/0
 11846 | Lair:5   | Reached skill level 12 in Polearms
 12194 | Lair:5   | Reached *** piety under Ashenzari
 12208 | Lair:5   | Reached skill level 13 in Spellcasting
 12208 | Lair:5   | Reached skill level 13 in Conjurations
 12208 | Lair:5   | Reached skill level 13 in Hexes
 12208 | Lair:5   | Reached skill level 13 in Summonings
 12208 | Lair:5   | Reached skill level 13 in Necromancy
 12208 | Lair:5   | Reached skill level 13 in Translocations
 12208 | Lair:5   | Reached skill level 13 in Fire Magic
 12208 | Lair:5   | Reached skill level 13 in Ice Magic
 12208 | Lair:5   | Reached skill level 13 in Air Magic
 12208 | Lair:5   | Reached skill level 13 in Earth Magic
 12208 | Lair:5   | Reached skill level 13 in Alchemy
 12214 | Lair:5   | Found a staircase to the Slime Pits.
 12381 | Lair:5   | Found a large runed translucent door.
 12381 | Lair:5   | Found a large runed translucent door.
 12382 | Lair:5   | Noticed bmb222's ghost (journeyman OnGl)
 12418 | Lair:5   | Killed bmb222's ghost
 12523 | Lair:5   | Identified the staff of Taditoar {rN+ Str+3 Conj Summ Air}
 12527 | Lair:5   | Got an earthy gem with 91 turns to spare
 12617 | Lair:5   | Lost the earthy gem through the power of Zot.
 12951 | Orc:1    | Entered Level 1 of the Orcish Mines
 12951 | Orc:1    | Noticed an orc warlord
 12965 | D:9      | Killed an orc warlord
 12966 | D:9      | Reached skill level 1 in Staves
 13113 | Orc:1    | Found a runed translucent gate.
 13113 | Orc:1    | Found a runed translucent gate.
 13113 | Orc:1    | Found a runed translucent gate.
 13115 | Orc:1    | Noticed Zingi's ghost (journeyman DsIE)
 13135 | Orc:1    | Reached skill level 2 in Staves
 13468 | Orc:2    | Entered Level 2 of the Orcish Mines
 13468 | Orc:2    | Found a staircase to the Elven Halls.
 13513 | Orc:2    | Found Dyeroixo's Antique Armour Shop.
 13521 | Orc:2    | Reached skill level 3 in Staves
 13539 | Orc:2    | Reached XP level 15. HP: 88/103 MP: 0/0
 13539 | Orc:2    | Learned a level 6 spell: Dispersal
 13590 | Orc:2    | Noticed Urug
 13597 | Orc:2    | Killed Urug
 13598 | Orc:2    | Reached skill level 4 in Staves
 13598 | Orc:2    | Reached skill level 14 in Spellcasting
 13598 | Orc:2    | Reached skill level 14 in Conjurations
 13598 | Orc:2    | Reached skill level 14 in Hexes
 13598 | Orc:2    | Reached skill level 14 in Summonings
 13598 | Orc:2    | Reached skill level 14 in Necromancy
 13598 | Orc:2    | Reached skill level 14 in Translocations
 13598 | Orc:2    | Reached skill level 14 in Fire Magic
 13598 | Orc:2    | Reached skill level 14 in Ice Magic
 13598 | Orc:2    | Reached skill level 14 in Air Magic
 13598 | Orc:2    | Reached skill level 14 in Earth Magic
 13598 | Orc:2    | Reached skill level 14 in Alchemy
 13665 | Orc:2    | Found Oryimun's Jewellery Shoppe.
 13678 | Orc:2    | Bought an amulet of regeneration for 540 gold pieces
 13689 | Orc:2    | Noticed an orc warlord
 13701 | Orc:2    | Killed an orc warlord
 13888 | Orc:2    | Reached skill level 5 in Staves
 13892 | Orc:2    | Found Jezicly's Antique Weapon Shop.
 13899 | Orc:2    | Reached **** piety under Ashenzari
 13943 | Orc:2    | Noticed an orc warlord
 13953 | Orc:2    | Killed an orc warlord
 14051 | Orc:2    | Found Bocou's General Store.
 14058 | Orc:2    | Bought a potion of heal wounds for 70 gold pieces
 14416 | D:11     | Reached ***** piety under Ashenzari
 14541 | D:11     | Identified the +6 long sword "Vokaf" {flame, Str+5 Stlth+}
 15136 | D:12     | Found a portal to a secret trove of treasure.
 15166 | D:12     | Identified First Steps in Spellcasting (You found it on
                  | level 2 of the Dungeon)
 15609 | D:12     | Noticed Frances
 15609 | D:12     | Noticed Nessos
 15655 | D:12     | Identified the serpent talisman "Imaunupp" {rF+++ Will++
                  | MP-9 Stlth-}
 15969 | D:12     | Noticed Nergalle
 15979 | D:12     | Killed Nergalle
 15980 | D:12     | Reached skill level 1 in Armour
 16246 | D:12     | Killed from afar by Frances

Vanquished Creatures
  The ghost of bmb222 the Warrior, a journeyman OnGl of Qazlal (Lair:5)
  An orc warlord (D:9)
  3 hydras
  A catoblepas (Lair:1)
  An orc high priest (Orc:2)
  A skeletal warrior (D:6)
  2 sea snakes (Lair:5)
  Pikel (D:7)
  The ghost of Likado the Caller, a novice TeSu of Fedhas (D:7)
  2 deep elf pyromancers (D:12)
  2 manticores
  A cyclops (Orc:2)
  An ugly thing (D:12)
  5 elephants
  A moth of wrath (D:9)
  5 black mambas
  6 cane toads
  A gargoyle (D:7)
  4 rime drakes
  An unseen horror (D:10)
  6 komodo dragons
  A tyrant leech (Lair:3)
  5 trolls
  A wind drake (Lair:5)
  5 hornets
  10 blink frogs
  2 dancing weapons
  7 spriggans (D:9)
  2 vampires (D:11)
  7 wyverns
  A wraith (D:10)
  4 basilisks
  13 yaks
  2 wargs
  A steam dragon (D:5)
  6 vampire mosquitoes
  2 swamp worms (Lair:3)
  13 water moccasins
  2 acid dragons (D:9)
  11 orc warriors
  A black bear (D:6)
  2 sky beasts
  2 wolves (D:10)
  6 ogres
  7 centaurs
  3 lemures (D:7)
  A kobold brigand (D:9)
  8 bullfrogs
  6 scorpions
  6 wights (D:8)
  12 killer bees
  6 howler monkeys
  11 orc priests
  3 hounds (D:6)
  A jelly (D:4)
  A gnoll bouda (D:4)
  2 iguanas
  2 sleepcaps
  11 orc wizards
  Terence (D:3)
  4 gnolls (D:4)
  11 adders
  3 bombardier beetles
  2 ufetubi (D:5)
  4 worms
  2 dart slugs
  51 orcs
  9 ball pythons
  14 bats
  6 endoplasms
  4 giant cockroaches
  2 goblins (D:2)
  7 hobgoblins
  4 jackals (D:3)
  2 quokkas
  3 frilled lizards
  9 kobolds
  7 rats
378 creatures vanquished.

Vanquished Creatures (collateral kills)
  2 orc warlords (Orc:2)
  An ettin (Orc:1)
  3 hydras
  A merfolk avatar (Lair:5)
  A two-headed ogre (D:10)
  2 orc high priests (Orc:2)
  Urug (Orc:2)
  Nergalle (D:12)
  3 skysharks
  A sea snake (Lair:5)
  A lindwurm (Lair:5)
  5 orc knights (Orc:2)
  A cyclops (D:11)
  3 orc sorcerers (Orc:2)
  A manticore (Lair:5)
  A kobold blastminer (Orc:2)
  10 elephants
  2 black mambas
  A torpor snail (Lair:5)
  5 cane toads (Lair:3)
  3 rime drakes
  A kobold demonologist (D:11)
  2 hornets (Lair:5)
  2 polar bears (Lair:5)
  A troll (Orc:2)
  2 blink frogs (Lair:5)
  A wyvern (Lair:5)
  A spriggan (D:9)
  2 shadows
  A wraith (D:11)
  8 yaks
  2 wargs
  A water moccasin (Lair:4)
  25 orc warriors
  2 black bears (Lair:3)
  2 ogres (Orc:2)
  2 centaurs (D:11)
  2 kobold brigands (D:11)
  A bullfrog (Lair:3)
  3 scorpions (Lair:3)
  2 wights (D:8)
  8 orc priests
  4 orc wizards
  A gnoll (D:4)
  2 worms (Lair:3)
  23 orcs
  2 giant cockroaches (Lair:3)
  5 kobolds
  A rat (D:9)
  2 foxfires
160 creatures vanquished.

Vanquished Creatures (others)
  8 dancing weapons
  777 foxfires
  4 snaplasher vines
789 creatures vanquished.

Grand Total: 1327 creatures vanquished

Table legend: (Time is in decaauts)
 A = Elapsed time spent in this place.
 B = Non-inter-level travel time spent in this place.
 C = Inter-level travel time spent in this place.
 D = Time resting spent in this place.
 E = Time spent auto-exploring this place.
 F = Levels seen in this place.
 G = Mean time per level.
                   A        B        C        D        E       F      G
               +--------+--------+--------+--------+--------+-----+--------+
         Total |  16223 |  15163 |   1060 |    303 |  11333 |  20 |  811.2 |
       Dungeon |  10872 |  10098 |    774 |    179 |   7743 |  12 |  906.0 |
        Temple |      1 |      1 |      0 |      0 |      0 |   1 |    1.0 |
          Lair |   4022 |   3858 |    164 |    124 |   2739 |   5 |  804.4 |
  Orcish Mines |   1326 |   1205 |    121 |      0 |    851 |   2 |  663.0 |
               +--------+--------+--------+--------+--------+-----+--------+

Top non-repeatable levels by time:
     D:9: 1417 daAuts
     D:7: 1112 daAuts
  Lair:5: 1090 daAuts
    D:10: 980 daAuts
     D:8: 974 daAuts
  Lair:1: 927 daAuts
    D:12: 926 daAuts
     D:6: 886 daAuts
  Lair:3: 871 daAuts
     D:4: 838 daAuts
    D:11: 835 daAuts
     D:5: 831 daAuts
     D:3: 830 daAuts
   Orc:2: 808 daAuts
  Lair:2: 681 daAuts

Table legend:
 A = Non-vault XP
 B = Vault XP
 C = Vault XP percentage of total XP
 D = Non-vault monster count
 E = Vault monster count
 F = Vault count percentage of total count
                 A         B        C        D         E       F
            +---------+---------+-------+---------+---------+-------
      Total |   59593 |   32386 |  35.2 |     410 |     121 |  22.8
            +---------+---------+-------+---------+---------+-------
        D:1 |      34 |       0 |   0.0 |      21 |       0 |   0.0
        D:2 |      61 |       0 |   0.0 |      21 |       0 |   0.0
        D:3 |     141 |      32 |  18.5 |      22 |       1 |   4.3
        D:4 |     453 |       0 |   0.0 |      21 |       0 |   0.0
        D:5 |     586 |     712 |  54.9 |      15 |       5 |  25.0
        D:6 |     922 |     760 |  45.2 |      27 |       1 |   3.6
        D:7 |    2482 |    2681 |  51.9 |      37 |      16 |  30.2
        D:8 |    1118 |       0 |   0.0 |      17 |       0 |   0.0
        D:9 |    2927 |    3152 |  51.9 |      19 |      23 |  54.8
       D:10 |    2757 |     458 |  14.2 |      16 |       7 |  30.4
       D:11 |    4484 |       0 |   0.0 |      24 |       0 |   0.0
       D:12 |    2694 |     777 |  22.4 |       6 |       1 |  14.3
     Lair:1 |    2997 |     901 |  23.1 |      10 |       4 |  28.6
     Lair:2 |    8387 |       0 |   0.0 |      23 |       0 |   0.0
     Lair:3 |    3316 |    3854 |  53.8 |       9 |      19 |  67.9
     Lair:4 |    4887 |       0 |   0.0 |      13 |       0 |   0.0
     Lair:5 |   12719 |    9519 |  42.8 |      36 |      20 |  35.7
      Orc:1 |    2732 |       0 |   0.0 |      36 |       0 |   0.0
      Orc:2 |    5896 |    9540 |  61.8 |      37 |      24 |  39.3
            +---------+---------+-------+---------+---------+-------
